Map: Orbital Shipyard

Players

wabbajack

  • Race: Zerg Zerg
  • League: Gold

STATIC - Winner!

  • Race: Terran Terran
  • League: Grandmaster

VOD

Have the link to the VOD?

Description

Time

  • Played on: July 17, 2015, 3:35 p.m.
  • Length: 11:58
Show
View Real Time Build Order
Export as new Build Order

wabbajack Zerg 

Build Orders: Pool First, Lurkers, Zergling Baneling 

Get SALT Encoding   

  12  0:01  Drone  
  13  0:10  Extractor  
  13  0:12  Drone  
  13  0:16  Drone  
  14  0:34  Spawning Pool  
  13  0:41  Overlord  
  13  0:54  Drone  
  14  1:01  Drone  
  14  1:02  Drone  
  16  1:09  Drone  
  17  1:21  Queen  
  17  1:23  Drone  
  20  1:27  Drone  
  21  1:37  Overlord  
  21  1:40  Metabolic Boost  
  21  2:03  Baneling Nest  
  21  2:07  Zergling x2  
  21  2:08  Zergling x2  
  22  2:23  Pneumatized Carapace  
  22  2:39  Spine Crawler  
  22  2:42  Hatchery  
  19  2:46  Zergling x2  
  19  2:47  Zergling x6  
  21  3:16  Zergling x2  
  21  3:17  Zergling x12  
  28  3:43  Baneling x3  
  28  3:44  Baneling  
  24  4:45  Baneling x2  
  23  4:46  Baneling x2  
  23  5:01  Lair  
  23  5:03  Drone  
  23  5:04  Drone x8  
  27  6:04  Hydralisk Den  
  26  6:05  Hatchery  
  26  6:06  Roach Warren  
  26  6:07  Evolution Chamber, Overlord x4  
  23  6:20  Lurker Den  
  23  6:24  Queen x2  
  27  6:28  Drone x10  
  37  6:46  Extractor  
  36  6:52  Extractor  
  36  6:53  Drone, Extractor  
  36  6:54  Drone x2  
  37  6:55  Zergling x6  
  37  6:57  Drone  
  41  7:16  Baneling  
  41  7:17  Baneling x4  
  41  7:18  Baneling  
  32  7:54  Drone x2  
  32  7:55  Drone x3  
  32  7:58  Hydralisk x2  
  37  7:59  Hydralisk  
  37  8:01  Overlord  
  37  8:02  Overlord  
  43  8:24  Drone x4  
  43  8:26  Drone x4  
  51  8:28  Drone x3  
  51  8:29  Drone  
  51  8:33  Lurker  
  51  8:34  Lurker x2  
  52  10:09  Hatchery  
  51  10:32  Overlord x5  
  51  10:33  Overlord x2  
  42  10:51  Hydralisk x6, Roach x2  
  42  10:52  Hydralisk x3, Roach x6  
  42  10:53  Roach  
  56  11:23  Lurker x2  
  55  11:38  Hatchery  
  54  11:46  Hatchery  
Show
View Real Time Build Order
Export as new Build Order

STATIC Terran - Winner!

Build Orders: MMM Bio 

Get SALT Encoding   

  12  0:02  SCV  
  13  0:14  SCV  
  13  0:19  Supply Depot  
  14  0:26  SCV  
  14  0:28  Refinery  
  15  0:42  Barracks  
  15  0:54  Barracks  
  15  0:58  SCV  
  16  1:10  SCV  
  17  1:23  SCV  
  18  1:30  Reaper  
  19  1:35  Supply Depot  
  19  1:37  Orbital Command  
  19  1:42  Reaper  
  20  2:04  Reaper  
  21  2:13  SCV  
  22  2:23  Command Center  
  22  2:27  SCV  
  23  2:33  Reaper  
  24  2:39  SCV  
  25  2:51  SCV  
  26  3:01  Factory  
  26  3:02  Barracks Reactor  
  26  3:03  SCV  
  27  3:08  Refinery  
  26  3:15  SCV  
  26  3:17  Barracks Tech Lab  
  27  3:27  SCV  
  28  3:39  SCV  
  28  3:41  Marine x2  
  29  3:42  Orbital Command  
  29  3:50  Factory Reactor  
  29  3:52  SCV  
  29  3:54  Marine  
  30  4:01  Marine x2  
  32  4:03  Factory Tech Lab  
  32  4:04  SCV  
  32  4:08  SCV, Starport  
  34  4:13  Marine  
  34  4:15  Stimpack  
  34  4:16  SCV  
  36  4:20  SCV  
  36  4:21  Barracks  
  37  4:28  SCV  
  20  4:32  SCV  
  20  4:34  Marine  
  19  4:40  SCV  
  19  4:46  Medivac  
  21  4:54  SCV  
  21  4:55  SCV  
  23  5:01  Marine  
  23  5:06  SCV  
  25  5:07  SCV  
  26  5:18  SCV  
  26  5:19  SCV  
  28  5:22  Command Center  
  28  5:27  Viking  
  30  5:30  SCV  
  30  5:31  SCV  
  30  5:34  Marine  
  32  5:43  SCV  
  32  5:44  SCV  
  32  5:51  Marine  
  32  5:55  SCV  
  32  5:56  SCV  
  35  6:07  SCV  
  35  6:08  SCV  
  37  6:19  Combat Shields, SCV  
  37  6:20  SCV  
  39  6:27  Barracks x2  
  39  6:29  Barracks  
  39  6:31  SCV, Starport Reactor  
  39  6:32  SCV  
  41  6:37  Orbital Command  
  41  6:43  SCV  
  41  6:44  SCV  
  41  6:46  Marine x2  
  45  6:52  Marine  
  46  6:55  SCV  
  46  6:56  SCV  
  46  6:57  Orbital Command  
  48  7:05  Marine  
  48  7:07  SCV  
  50  7:08  SCV  
  50  7:13  Refinery x2  
  50  7:15  Engineering Bay  
  51  7:17  Engineering Bay  
  51  7:19  SCV  
  51  7:20  SCV  
  51  7:22  Marine x2  
  55  7:25  Marine x2  
  55  7:26  Marine x2  
  55  7:27  SCV  
  58  7:31  SCV  
  58  7:32  SCV  
  59  7:40  Marine x2  
  59  7:41  SCV  
  61  7:49  Terran Infantry Weapons Level 1, Terran Infantry Armor Level 1  
  61  7:52  Supply Depot  
  61  7:56  Supply Depot  
  61  8:14  SCV x3, Medivac x2  
  61  8:18  Supply Depot  
  61  8:19  Supply Depot, Barracks Reactor  
  68  8:20  Barracks Reactor x2  
  68  8:26  SCV x3, Marine  
  68  8:27  Marine x2  
  74  8:34  Siege Tank  
  74  8:40  SCV x3  
  80  8:41  Supply Depot  
  80  8:42  Supply Depot  
  80  8:44  Marine x2  
  80  8:45  Marine  
  83  8:51  Medivac x2  
  83  8:52  SCV x3  
  90  8:58  Armory  
  90  8:59  Marine x2  
  90  9:00  Marine  
  90  9:02  Marine x4  
  93  9:04  SCV  
  93  9:05  SCV  
  93  9:07  Supply Depot  
  93  9:09  Supply Depot  
  99  9:12  Supply Depot  
  99  9:14  Marine x2  
  101  9:20  Marine x2  
  101  9:21  Concussive Shells  
  101  9:23  Siege Tank, Medivac  
  108  9:27  Supply Depot  
  108  9:28  Supply Depot  
  108  9:29  Medivac  
  108  9:30  SCV, Supply Depot  
  111  9:31  Supply Depot  
  111  9:34  Barracks  
  111  9:35  Command Center  
  111  9:36  Marine  
  104  9:46  Marine  
  104  9:47  Marine x2  
  104  9:49  SCV  
  104  9:50  SCV x2  
  110  9:53  Refinery x2  
  110  10:01  SCV, Marine x2  
  110  10:02  SCV x2  
  115  10:16  Marine x2  
  115  10:19  Marine  
  118  10:21  Marine x3  
  118  10:22  Siege Tank, Marine x2  
  118  10:26  Marine  
  127  10:32  Marine  
  127  10:33  Marine  
  129  10:36  Marine  
  129  10:42  Marine  
  131  10:43  SCV  
  131  10:45  Barracks Reactor  
  131  10:49  Orbital Command  
  132  10:51  Barracks  
  132  10:52  Barracks  
  132  10:53  Marine x2  
  132  10:54  Barracks, Marine x4  
  132  10:55  Siege Tank, Marine  
  133  10:59  Marine  
  133  11:01  SCV x2  
  133  11:03  Marine  
  137  11:10  SCV  
  137  11:11  Marine x3  
  138  11:12  Marine  
  138  11:13  SCV  
  138  11:14  SCV  
  144  11:22  SCV  
  143  11:25  Marine  
  143  11:26  Marine  
  143  11:28  Marine x3  
  153  11:33  Marine  
  153  11:35  Marine  
  153  11:37  SCV  
  157  11:44  Barracks Tech Lab x2  
  144  11:54  Barracks Tech Lab  
Tags
 
Add a new tag
Caveats
  • Supply blocks, unpowered buildings, or Contaminate may cause inaccurate times.
  • Supply counts are checked every 10 seconds.